Unix NetHack Version 3.7.0-66 Work-in-progress - last build Oct 24 2022 02:09:04 (0cf9ee0665dfd4e3628fd2b6ead320895a4d4695,branch:master). Game began 2022-10-26 19:32:38, ended 2022-10-26 19:50:19. aerth, neutral female human Monk ------ ------------- ---------- |....| |...{.......| #.........| |..{.| |............# #|........| |...%-0# ...........{|# # ---------##############0 ----.-### -------------################## ----.--- - #################u@##%### # ## #.........| ### # ## # # #|........| ### # # # # #|........| # ## # # #|........| #### #------ ## # #---------- # # #|....| # ## #### -|----------# #|....| # ----|--### |..........-# #|..>.|## |.....-# |..........| #.....|# |...%.| |...<......| |[...-# |.....| ------------ |....| |...{.| ------ |.....| |.....| ------- Aerth the Initiate St:14 Dx:14 Co:13 In:10 Wi:14 Ch:11 Neutral Dlvl:7 $:1040 HP:0(42) Pw:24(38) AC:3 Xp:6/517 T:2807 Latest messages: The door opens. You find a hidden door. This door is locked. Unlock it with your lock pick? [ynq] (q) You succeed in picking the lock. The door opens. X - a scroll called ew. The jackal bites! You kill the jackal! You see here a jackal corpse. That door is closed. The door resists! The door resists! The door resists! The door opens. KABOOM!! The door was booby-trapped! You stagger... You feel a bit steadier now. You stop searching. Where do you want to travel to? (For instructions type a '?') The giant beetle bites! You hit the giant beetle! You hit the giant beetle! The giant beetle bites! You hit the giant beetle! You hit the giant beetle! The giant beetle misses! You kill the giant beetle! In what direction? You feel better. In what direction? You feel better. You see here a giant beetle corpse. The black unicorn just misses! The black unicorn kicks! You miss the black unicorn. The black unicorn butts! The black unicorn kicks! You miss the black unicorn. The black unicorn butts! The black unicorn misses! The black unicorn butts! The black unicorn kicks! You hit the black unicorn! The black unicorn butts! The black unicorn kicks! The black unicorn butts! The black unicorn kicks! You die... Inventory: Coins ('$') $ - 1040 gold pieces Armor ('[') N - a cursed -1 helm of opposite alignment L - an uncursed +0 orcish helm a - a blessed +2 pair of leather gloves (being worn) O - a cursed -1 pair of fumble boots D - an uncursed +0 pair of iron shoes (being worn) x - a cursed -1 pair of levitation boots P - an uncursed +0 oilskin cloak b - an uncursed rotted +1 robe (being worn) Comestibles ('%') g - 6 uncursed apples y - an uncursed candy bar labeled "Choco Nummer" Q - an uncursed carrot M - an uncursed food ration i - 3 uncursed fortune cookies h - 5 uncursed oranges T - an uncursed tripe ration I - an uncursed tin of candied jackal meat v - an uncursed egg Scrolls ('?') C - an uncursed scroll of create monster j - an uncursed scroll of enchant weapon X - an uncursed scroll of enchant weapon d - an uncursed scroll of genocide l - an uncursed scroll of identify Spellbooks ('+') m - an uncursed spellbook of create monster c - a blessed spellbook of healing Potions ('!') R - an uncursed potion of fruit juice r - an uncursed potion of hallucination e - 3 uncursed potions of healing K - an uncursed potion of invisibility V - an uncursed potion of object detection k - a blessed potion of restore ability q - an uncursed potion of speed n - a potion of unholy water Rings ('=') S - an uncursed ring of polymorph control Wands ('/') U - an uncursed wand of teleportation (0:6) Tools ('(') A - an empty uncursed bag of holding W - an uncursed lock pick B - an uncursed oil lamp w - a blessed tallow candle H - a cursed tin whistle Gems/Stones ('*') s - an uncursed worthless piece of red glass Aerth the Monk's attributes: Background: You were an Initiate, a level 6 female human Monk. You were neutral, on a mission for Chih Sung-tzu who was opposed by Shan Lai Ching (lawful) and Huan Ti (chaotic). You were in the Dungeons of Doom, on level 7. You entered the dungeon 2807 turns ago. There was a new moon in effect when your adventure ended. You had 517 experience points, 123 more were needed to attain level 7. Basics: You had 0 out of 42 hit points. You had 24 out of 38 energy points (spell power). Your armor class was 3. Your wallet contained 1040 zorkmids. Autopickup was on for '$?!"=/*', with exceptions. Final Characteristics: Your strength was 14 (limit:18/100). Your dexterity was 14 (limit:18). Your constitution was 13 (limit:18). Your intelligence was 10 (limit:18). Your wisdom was 14 (limit:18). Your charisma was 11 (limit:18). Final Status: You were not hungry. You were unencumbered. You were empty handed. You were skilled in martial arts. Final Attributes: You were piously aligned. You were sleep resistant. You were poison resistant. You saw invisible. You were stealthy. You were guarded. You were fast. You are dead. Miscellaneous: You disabled loading of bones levels. Total elapsed playing time was 17 minutes and 40 seconds. Major events: Turn 1: aerth the neutral female human Monk entered the dungeon 622: entered the Gnomish Mines 749: attained the rank of Novice (level 3) 768: reached Mine Town 2370: attained the rank of Initiate (level 6) 2807: killed by a black unicorn Vanquished creatures: a small mimic a tengu a giant beetle a wolf a brown pudding 2 dust vortices a water nymph a rock mole a yellow light a shrieker 2 gnome leaders a ghoul 4 giant ants 2 dwarves a kobold shaman 2 rothes a giant bat 2 orc zombies a dwarf zombie an acid blob 3 coyotes a gas spore a hobbit a large kobold a hobgoblin 9 gnomes 2 geckos 5 jackals a kobold a goblin 2 sewer rats 4 grid bugs a lichen 5 newts 65 creatures vanquished. No species were genocided or became extinct. Voluntary challenges: You followed a strict vegan diet. You never hit with a wielded weapon. You read items or engraved 1 time. You never engraved Elbereth. You never genocided any monsters. You never polymorphed an object. You never changed form. You used no wishes. Achievements: You entered the Gnomish Mines. You attained the rank of Novice. You entered Minetown. You entered a shop. You entered a temple. You attained the rank of Initiate. The Dungeons of Doom: levels 1 to 9 Level 1: A fountain. Level 2: Some fountains. Stairs down to The Gnomish Mines. Level 3: Some fountains. Level 4: An armor shop. Level 5: Level 6: Level 7: <- You were here. Some fountains, some sinks. Final resting place for you, killed by a black unicorn. Level 8: Many fountains. Level 9: The Gnomish Mines: levels 3 to 5 Level 3: Level 4: Level 5: Many shops, a temple, some fountains, some trees. Game over: ---------- / \ / REST \ / IN \ / PEACE \ / \ | aerth | | 1040 Au | | killed by a | | black unicorn | | | | | | 2022 | *| * * * | * _________)/\\_//(\/(/\)/\//\/|_)_______ Goodbye aerth the Monk... You died in The Dungeons of Doom on dungeon level 7 with 3404 points, and 1040 pieces of gold, after 2807 moves. You were level 6 with a maximum of 42 hit points when you died.